 Dungeon Crawl Stone Soup version 0.22-a0-248-gc8378ba (webtiles) character file.

9 Amnesiac the Gusty (level 2, 0/16 HPs)
             Began as a Tengu Air Elementalist on Feb 28, 2018.
             Slain by a worm (6 damage)
             ... on level 2 of the Dungeon.
             The game lasted 00:01:08 (281 turns).

Amnesiac the Gusty (Tengu Air Elementalist)          Turns: 281, Time: 00:01:09

Health: 0/16       AC:  2    Str:  8    XL:     2   Next: 12%
Magic:  2/6        EV: 12    Int: 15    God:
Gold:   11         SH:  0    Dex: 14    Spells: 4/5 levels left

rFire    . . .     SeeInvis .   (no weapon)
rCold    . . .     Gourm    .   (no shield)
rNeg     . . .     Faith    .   a - +0 robe
rPois    .         Spirit   .   (helmet restricted)
rElec    .         Reflect  .   (no cloak)
rCorr    .         Harm     .   (no gloves)
MR       .....                  (boots unavailable)
Stlth    ++........             (no amulet)
HPRegen  0.05/turn              (no ring)
MPRegen  0.10/turn              (no ring)

@: no status effects
A: beak, talons 3
a: no special abilities


You were on level 2 of the Dungeon.
You were not hungry.

You visited 1 branch of the dungeon, and saw 2 of its levels.

You collected 11 gold pieces.

Inventory:

Armour
 a - a +0 robe (worn)
Scrolls
 g - a scroll of identify {!r, unknown}
Potions
 c - a potion of agility {!q, unknown}
 d - a potion of might {!q, unknown}
 e - 2 potions of haste {!q, unknown}
Comestibles
 b - 2 rations
 f - 7 chunks of flesh


   Skills:
 + Level 1.3 Fighting
 - Level 2.1 Dodging
 - Level 2.0 Stealth
 - Level 2.0 Spellcasting
 - Level 2.0 Conjurations
 - Level 4.0 Air Magic


You had 4 spell levels left.
You knew the following spells:

 Your Spells              Type           Power        Failure   Level  Hunger
a - Shock                 Conj/Air       ##..         6%          1    #......


Dungeon Overview and Level Annotations

Branches:
Dungeon (2/15)

Altars:


Innate Abilities, Weirdness & Mutations

You have a beak for a mouth.
You have claws for feet.


Message History

Found a stone staircase leading down.
You see here a bat corpse.
You butcher the bat corpse.
f - 7 chunks of flesh (gained 1)
You see here a bat skeleton.
Casting: Shock (safe; 6% risk of failure)
Confirm with . or Enter, or press ? or * to list all spells.
Aiming: Shock (safe; 6% risk of failure)
Press: ? - help, Shift-Dir - straight line, f - goblin
Aim: a goblin, wielding a dagger (hasn't noticed you)
The zap hits the goblin.
You kill the goblin!
Casting: Shock (safe; 6% risk of failure)
Confirm with . or Enter, or press ? or * to list all spells.
You can't see any susceptible monsters within range! (Use Z to cast anyway.)
Casting: Shock (safe; 6% risk of failure)
Confirm with . or Enter, or press ? or * to list all spells.
You can't see any susceptible monsters within range! (Use Z to cast anyway.)
Casting: Shock (safe; 6% risk of failure)
Confirm with . or Enter, or press ? or * to list all spells.
You can't see any susceptible monsters within range! (Use Z to cast anyway.)
A worm comes into view.
Found a stone staircase leading down.
You see here 19 bolts.
Found a stone staircase leading up.
You see here a scroll labeled OJAPHISTRUFRU {!r}.
g - a scroll labeled OJAPHISTRUFRU {!r}
Casting: Shock (safe; 6% risk of failure)
Confirm with . or Enter, or press ? or * to list all spells.
Aiming: Shock (safe; 6% risk of failure)
Press: ? - help, Shift-Dir - straight line The zap hits the worm.
The worm is lightly wounded.
The zap hits the worm.
The worm is moderately wounded.
Casting: Shock (safe; 6% risk of failure)
Confirm with . or Enter, or press ? or * to list all spells.
Aiming: Shock (safe; 6% risk of failure)
Press: ? - help, Shift-Dir - straight line The zap hits the worm.
The worm is moderately wounded.
The zap hits the worm.
The worm is heavily wounded.
Casting: Shock (safe; 6% risk of failure)
Confirm with . or Enter, or press ? or * to list all spells.
Aiming: Shock (safe; 6% risk of failure)
Press: ? - help, Shift-Dir - straight line The zap hits the worm.
The worm is heavily wounded.
The zap hits the worm.
The worm is heavily wounded.
The worm bites you!
Ouch! That really hurt!
* * * LOW HITPOINT WARNING * * *
Casting: Shock (safe; 6% risk of failure)
Confirm with . or Enter, or press ? or * to list all spells.
Aiming: Shock (safe; 6% risk of failure)
Press: ? - help, Shift-Dir - straight line The zap hits the worm.
The worm is heavily wounded.
The zap hits the worm.
The worm is severely wounded.
The worm bites you.
You die...

####### #...... #. #..
#### #.###.. #.. ##
#...... #.####...
#.#....
##.#........#......
###.......>..........
#..w@.........#.###..
###.#)##.##... #.###..
#........# # #......
#<#.#(#..##.#(....###..
...#........>#... ###
.................
......##..#รท##.##.
.####.##..#.##.#
#.......##.#


You could see a worm.

Vanquished Creatures
  A dart slug (D:2)
  A giant cockroach (D:2)
  2 kobolds (D:2)
  2 bats (D:2)
  2 goblins (D:2)
8 creatures vanquished.

Notes
Turn   | Place    | Note
-------+----------+-------------------------------------------
     0 | D:1      | Amnesiac the Tengu Air Elementalist began the quest for the Orb.
     0 | D:1      | Reached XP level 1. HP: 10/10 MP: 4/4
    58 | D:1      | You fall through a shaft!
   216 | D:2      | Reached skill level 1 in Fighting
   216 | D:2      | Reached XP level 2. HP: 16/16 MP: 1/6
   281 | D:2      | Slain by a worm

Vault maps used:
D:1:      minmay_arrival_four_houses, hangedman_decor_peaks_small
D:2:      grunt_temple_overflow_open

Skill      XL: |  1 |
---------------+----+-----
Conjurations   | 2 |  2.0
Fighting       | 1 |  1.3
Dodging        | |  2.1
Stealth        | |  2.0
Spellcasting   | |  2.0
Air Magic      | |  4.0

Action                   || total
-------------------------++-------
 Cast: Shock             ||    19
Armor: Robe              ||     1
Dodge: Dodged            ||     5

Table legend:
 A = Spawn XP
 B = Non-spawn XP
 C = Spawn XP percentage of total XP
 D = Spawn monster count
 E = Non-spawn monster count
 F = Spawn count percentage of total count
 G = Total turns spent on level
                    A         B        C        D         E        F      G
               +---------+---------+-------+---------+---------+-------+---------
         Total |       0 |      13 |   0.0 |       0 |       8 |   0.0 |   281
               +---------+---------+-------+---------+---------+-------+---------
           D:2 |       0 |      13 |   0.0 |       0 |       8 |   0.0 |   223
               +---------+---------+-------+---------+---------+-------+---------
